Map: Automaton LE

Players

herO

  • Race: Protoss Protoss
  • Spawn Location: 3:00

Stats - Winner!

  • Race: Protoss Protoss
  • Spawn Location: 9:00

Event: IEM Season 13: Katowice (2019)

VOD

Have the link to the VOD?

Description

Time

  • Played on: Feb. 28, 2019, 7:08 a.m.
  • Length: 7:28

All games in this series

Show
View Real Time Build Order
Export as new Build Order

herO Protoss 

Build Orders: Phoenix Opening, Blink Stalkers 

Get SALT Encoding   

  12  0:00  Probe  
  13  0:12  Probe  
  14  0:18  Pylon  
  14  0:23  Probe  
  15  0:32  Probe  
  15  0:38  Gateway  
  15  0:40  Probe  
  16  0:47  Assimilator  
  17  0:51  Probe  
  17  0:55  Assimilator  
  18  1:00  Probe  
  19  1:08  Gateway  
  19  1:09  Probe  
  19  1:18  Probe  
  21  1:27  Cybernetics Core  
  21  1:30  Probe  
  22  1:37  Pylon  
  22  1:42  Probe  
  23  1:55  Probe  
  24  2:03  Stalker  
  24  2:04  Warp Gate, Sentry  
  28  2:11  Pylon  
  28  2:17  Twilight Council  
  28  2:30  Stalker  
  28  2:34  Blink  
  28  2:36  Stalker  
  32  2:38  Phoenix  
  31  3:14  Gateway, Stalker  
  33  3:28  Nexus  
  33  3:31  Probe  
  34  3:43  Pylon  
  35  3:55  Stalker x2  
  38  4:03  Probe  
  38  4:09  Stalker  
  41  4:17  Phoenix  
  41  4:19  Stalker  
  41  4:21  Adept  
  39  4:45  Stalker x2  
  40  4:46  Stalker  
  40  4:48  Probe  
  45  4:53  Probe  
  45  4:56  Probe  
  46  5:05  Probe  
  47  5:13  Probe  
  47  5:17  Probe  
  46  5:25  Probe  
  47  5:29  Probe  
  47  5:33  Probe  
  48  5:37  Probe  
  48  5:40  Stalker x3  
  48  5:41  Probe  
  56  5:45  Probe  
  56  5:48  Phoenix  
  56  5:52  Probe  
  56  5:56  Probe  
  55  6:11  Stalker x3  
  61  6:19  Pylon  
  61  6:21  Pylon  
  61  6:26  Probe  
  62  6:34  Probe  
  51  6:44  Stalker x3  
  53  6:52  Probe x2  
  51  7:07  Stalker  
  51  7:08  Stalker x2  
  57  7:09  Probe x2  
Show
View Real Time Build Order
Export as new Build Order

Stats Protoss - Winner!

Build Orders: Phoenix Opening 

Get SALT Encoding   

  12  0:00  Probe  
  13  0:12  Probe  
  14  0:18  Pylon  
  14  0:24  Probe  
  15  0:32  Probe  
  15  0:37  Gateway  
  15  0:40  Probe  
  16  0:46  Assimilator  
  17  0:50  Probe  
  17  0:55  Assimilator  
  18  0:58  Probe  
  19  1:06  Probe  
  20  1:14  Gateway  
  20  1:17  Probe  
  20  1:25  Cybernetics Core  
  21  1:29  Probe  
  22  1:37  Pylon  
  22  1:41  Probe  
  23  1:52  Warp Gate  
  23  1:55  Probe  
  24  2:01  Stalker  
  24  2:02  Sentry  
  24  2:07  Probe  
  29  2:14  Pylon  
  29  2:28  Sentry  
  31  2:35  Phoenix  
  31  2:37  Sentry  
  31  2:42  Nexus  
  33  2:48  Probe  
  33  2:58  Pylon  
  33  3:00  Probe  
  34  3:12  Probe  
  35  3:17  Robotics Facility  
  35  3:24  Probe  
  36  3:39  Adept x2  
  41  3:41  Probe  
  41  3:42  Shield Battery  
  41  3:53  Probe  
  42  3:56  Immortal  
  42  4:01  Stalker x2  
  50  4:12  Probe  
  50  4:13  Probe  
  50  4:16  Pylon  
  50  4:33  Stalker x2  
  58  4:46  Probe x2  
  60  4:56  Immortal  
  60  4:59  Pylon  
  60  5:00  Stalker x2  
  60  5:01  Probe  
  60  5:04  Probe  
  64  5:17  Pylon x2  
  62  5:25  Gateway  
  62  5:26  Twilight Council  
  62  5:27  Assimilator  
  62  5:30  Immortal  
  66  5:43  Probe x2  
  66  5:49  Stalker x2  
  72  5:55  Probe  
  72  5:56  Probe  
  74  6:03  Warp Prism  
  72  6:08  Pylon  
  72  6:16  Gateway  
  74  6:21  Gateway  
  74  6:27  Stalker  
  74  6:31  Stalker  
  72  6:46  Stalker  
  72  6:54  Stalker x2  
  77  7:01  Probe x2  
  77  7:03  Gateway  
  77  7:04  Pylon  
  78  7:12  Stalker x2  
  76  7:17  Stalker  
  76  7:18  Stalker x4  

Tags
 
Add a new tag
Caveats
  • Supply blocks, unpowered buildings, or Contaminate may cause inaccurate times.
  • Supply counts are checked every 10 seconds.